 Dungeon Crawl Stone Soup version 0.17-a0-1368-g6ab37f2 (webtiles) character file.

67 bal the Sneak (level 3, -2/24 HPs)
             Began as a Vampire Enchanter on June 12, 2015.
             Slain by an adder (5 damage)
             ... on level 3 of the Dungeon.
             The game lasted 00:08:28 (1224 turns).

bal the Sneak (Vampire Enchanter)                   Turns: 1224, Time: 00:08:28

Health: -2/24      AC:  4    Str:  7    XL:     3   Next: 98%
Magic:  1/6        EV: 13    Int: 17    God:
Gold:   65         SH:  0    Dex: 15    Spells: 2 memorised, 3 levels left

rFire  . . .     SeeInvis +     a - +1 dagger
rCold  . . .     Clarity  .     b - +1 robe
rNeg   + . .     SustAt   .     (no shield)
rPois  .         Gourm    .     (no helmet)
rElec  .         Spirit   .     (no cloak)
rCorr  .         Warding  .     (no gloves)
rMut   .         Stasis   .     l - +0 pair of boots
MR     .....                    (no amulet)
Stlth  ++++......               (no ring)
                                (no ring)

@: lethally poisoned (-2 -> -14), very slightly contaminated, not resistant to
hostile enchantments, stealthy
A: fangs 3, see invisible, unbreathing
a: Bat Form


You were on level 3 of the Dungeon.
You were not thirsty.

You visited 1 branch of the dungeon, and saw 3 of its levels.

You collected 65 gold pieces.

Inventory:

Hand weapons
 a - a +1 dagger (weapon)
Armour
 b - a +1 robe (worn)
 l - a +0 pair of boots (worn)
Jewellery
 g - an uncursed amulet of rage {unknown}
 j - an uncursed ring of flight {unknown}
Magical devices
 n - a wand of flame (28)
Scrolls
 e - 2 scrolls of remove curse {unknown}
 f - 2 scrolls of enchant armour {unknown}
 h - a scroll of enchant weapon {unknown}
 i - a scroll of fog {unknown}
 k - a scroll of identify {unknown}
 m - a scroll of noise {unknown}
 o - a scroll of blinking {unknown}
 q - 2 scrolls of amnesia {unknown}
 r - a scroll of fear {unknown}
Potions
 d - 9 potions of blood
 p - a potion of haste {unknown}
Books
 c - a book of Maledictions

   Spells                             Type                      Level
   a - Corona                         Hexes                        1
   b - Ensorcelled Hibernation        Hexes/Ice                    2
   c - Confuse                        Hexes                        3
   d - Tukima's Dance                 Hexes                        3
   e - Dazzling Spray                 Conjuration/Hexes            3


   Skills:
 + Level 1.2 Short Blades
 + Level 2.5 Dodging
 + Level 6.2 Stealth
 + Level 2.4 Spellcasting
 + Level 4.9 Hexes


You had 3 spell levels left.
You knew the following spells:

 Your Spells              Type           Power        Failure   Level  Hunger
a - Corona                Hex            ###....      2%          1    #......
b - Ensorcelled Hibernat  Hex/Ice        ##....       12%         2    ##.....


Dungeon Overview and Level Annotations

Branches:
Dungeon (3/15)

Altars:
Qazlal


Innate Abilities, Weirdness & Mutations

You have razor-sharp teeth.
You have supernaturally acute eyesight.
You can survive without breathing.


Message History

You feel sick. The adder barely misses you.
The adder bites you but does no damage.
You hit the adder.
The adder is almost dead.
The adder closely misses you.
You hit the adder but do no damage.
The adder is almost dead.
* * * LOW HITPOINT WARNING * * *
You feel sick. The adder barely misses you.
You miss the adder.
The adder is almost dead.
The adder bites you.
* * * LOW HITPOINT WARNING * * *
You are more poisoned.
The adder poisons you!
You miss the adder.
The adder is almost dead.
* * * LOW HITPOINT WARNING * * *
You feel sick. The adder bites you.
You die...

...## ......#.#
#..###.......#
#<.##....#..#
##......# #.#
#...#...# #.#
#...#.#...###.###
..###.........$.######
.# ###...###....S...#
. #...# #...@)...#
.....# #.##.....#
#......# #.########
###..... ...
.......... ######.....
#....


You could see an adder.

Vanquished Creatures
  2 adders (D:2)
  An ooze (D:1)
  2 giant geckos (D:1)
  4 bats (D:1)
  3 giant cockroaches
  5 hobgoblins
  3 jackals (D:2)
  3 giant newts
  7 goblins
  5 kobolds
  5 rats
40 creatures vanquished.

Notes
Turn   | Place    | Note
--------------------------------------------------------------
     0 | D:1      | bal the Vampire Enchanter began the quest for the Orb.
     0 | D:1      | Reached XP level 1. HP: 13/13 MP: 3/3
    99 | D:1      | Reached XP level 2. HP: 17/19 MP: 5/5
   161 | D:1      | Reached skill level 5 in Stealth
   212 | D:1      | Learned a level 2 spell: Ensorcelled Hibernation
   436 | D:1      | Reached XP level 3. HP: 21/24 MP: 4/6
   736 | D:2      | Found a stormy altar of Qazlal.
   906 | D:2      | Reached skill level 6 in Stealth
  1224 | D:3      | Slain by an adder

Vault maps used:
D:1:      saegor_arrival_simple_a
D:2:      grunt_qazlal_sundering
D:3:      first_bread

Action                   || total
-------------------------++-------
Melee: Dagger            ||   111
 Cast: Ensorcelled Hiber ||    16
  Use: Potion            ||     4
 Stab: Sleeping          ||    25
